[Event "Chess Super League 2021"]
[Site "Online"]
[Date "2021.10.11"]
[Round "1.1"]
[White "Aryan Chopra"]
[Black "Iniyan, P."]
[Result "1-0"]
[ECO "A46"]
[WhiteElo "2585"]
[BlackElo "2529"]
[Annotator "ChessBase"]
[PlyCount "89"]
[EventDate "2021.10.11"]
[EventType "team-tourn"]
[EventCountry "NET"]
[SourceTitle "playchess.com"]
[Source "ChessBase"]
[SourceQuality "1"]
[TimeControl "900+10"]

1. Nf3 Nf6 2. g3 e6 3. Bg2 b5 4. O-O Bb7 5. d4 c5 6. Na3 b4 7. Nc4 cxd4 8. a3 Qc7 9. Qxd4 d5 10. Nce5 Bc5 11. Qd1 bxa3 12. bxa3 Ne4 13. c4 O-O 14. Bf4 Qe7 15. Qb3 f6 16. Nd3 dxc4 17. Qxc4 Bd5 18. Qa4 Bb6 19. Rac1 Nd7 20. Nb4 g5 21. Bd2 g4 22. Nxd5 exd5 23. Bb4 Ndc5 24. Nh4 Nxa4 25. Bxe7 Rf7 26. Bxe4 dxe4 27. Nf5 Kh8 28. Rc6 Rxe7 29. Nxe7 Rd8 30. Rxf6 Rd2 31. e3 Nc3 32. Nf5 Kg8 33. Kg2 Nd1 34. Kg1 Nc3 35. Rc6 Rd3 36. Nh6+ Kg7 37. Nxg4 Ne2+ 38. Kg2 Rxa3 39. Rd1 Rd3 40. Rxd3 exd3 41. Rd6 Nc1 42. Ne5 Bc5 43. Rd7+ Kf6 44. Nxd3 Nxd3 45. Rxd3 1-0

[Event "Chess Super League 2021"]
[Site "Online"]
[Date "2021.10.11"]
[Round "1.1"]
[White "Tania, Sachdev"]
[Black "Gomes, Mary Ann"]
[Result "0-1"]
[ECO "E11"]
[WhiteElo "2392"]
[BlackElo "2354"]
[Annotator "ChessBase"]
[PlyCount "66"]
[EventDate "2021.10.11"]
[EventType "team-tourn"]
[EventCountry "NET"]
[SourceTitle "playchess.com"]
[Source "ChessBase"]
[SourceQuality "1"]
[TimeControl "900+10"]

1. d4 Nf6 2. c4 e6 3. Nf3 Bb4+ 4. Bd2 Qe7 5. g3 Bxd2+ 6. Qxd2 Nc6 7. b3 d5 8. Bg2 O-O 9. O-O dxc4 10. bxc4 Rd8 11. Qb2 Ne4 12. e3 Bd7 13. Nbd2 Nxd2 14. Nxd2 Rab8 15. Rfc1 Nb4 16. Qc3 c5 17. a3 Na6 18. Qa5 Bc8 19. d5 b6 20. Qa4 exd5 21. cxd5 b5 22. Qf4 Bb7 23. e4 c4 24. Rab1 Nc5 25. Qe3 a6 26. Qc3 Rbc8 27. Re1 Nd3 28. Re3 Qc5 29. Bf1 f5 30. Nxc4 fxe4 31. Bxd3 exd3 32. Re4 Qxd5 33. f3 Rxc4 0-1

[Event "Chess Super League 2021"]
[Site "Online"]
[Date "2021.10.11"]
[Round "1.1"]
[White "Priyanka, Kumari"]
[Black "Mrudul Dehankar"]
[Result "1-0"]
[ECO "B90"]
[WhiteElo "1910"]
[BlackElo "2256"]
[Annotator "ChessBase"]
[PlyCount "75"]
[EventDate "2021.10.11"]
[EventType "team-tourn"]
[EventCountry "NET"]
[SourceTitle "playchess.com"]
[Source "ChessBase"]
[SourceQuality "1"]
[TimeControl "900+10"]

1. e4 c5 2. Nf3 d6 3. d4 cxd4 4. Nxd4 Nf6 5. Nc3 a6 6. h4 e5 7. Nb3 Be6 8. f4 Be7 9. Be2 b5 10. g4 b4 11. Nd5 Bxd5 12. exd5 Ne4 13. g5 Qb6 14. Rf1 Ng3 15. Rf2 Nxe2 16. Qxe2 Nd7 17. Be3 Qb7 18. O-O-O Qb5 19. Kb1 Qxe2 20. Rxe2 O-O 21. Na5 Bd8 22. Nc6 a5 23. fxe5 dxe5 24. Bf2 f6 25. gxf6 gxf6 26. c4 bxc3 27. bxc3 Kf7 28. Rb2 Rg8 29. Rb7 Ke8 30. c4 Rg2 31. Be3 Rg3 32. Re1 Rg4 33. c5 Rc4 34. Rg1 Nf8 35. Rgg7 Ng6 36. h5 Nf8 37. Rge7+ Bxe7 38. Rxe7# 1-0

[Event "Chess Super League 2021"]
[Site "Online"]
[Date "2021.10.11"]
[Round "1.2"]
[White "Muzychuk, Anna"]
[Black "Kulkarni Bhakti"]
[Result "1-0"]
[ECO "C26"]
[WhiteElo "2533"]
[BlackElo "2388"]
[Annotator "ChessBase"]
[PlyCount "123"]
[EventDate "2021.10.11"]
[EventType "team-tourn"]
[EventCountry "NET"]
[SourceTitle "playchess.com"]
[Source "ChessBase"]
[SourceQuality "1"]
[TimeControl "900+10"]

1. e4 e5 2. Nc3 Nf6 3. d4 exd4 4. Qxd4 Nc6 5. Qd3 d6 6. Bf4 Be7 7. f3 O-O 8. O-O-O Nh5 9. Be3 Bg5 10. Kb1 Be6 11. Qd2 Bxe3 12. Qxe3 Re8 13. g4 Nf6 14. Nge2 b5 15. Nxb5 Qb8 16. Ned4 Qb6 17. Nf5 Qa5 18. Qa3 Qb6 19. Qc3 a6 20. Nbd4 Nxd4 21. Rxd4 Bxf5 22. gxf5 d5 23. Bg2 c5 24. Rdd1 dxe4 25. fxe4 Nxe4 26. Bxe4 Rxe4 27. Rd5 Rae8 28. Rhd1 c4 29. a4 Qb8 30. Rd6 Qc8 31. Rg1 R8e5 32. Qg3 Qf8 33. Rxa6 Re8 34. Qd6 Qxd6 35. Rxd6 Ra8 36. f6 g6 37. Rgd1 Ree8 38. b3 g5 39. h4 cxb3 40. cxb3 gxh4 41. R6d4 Ra6 42. Rd8 Kf8 43. Rxe8+ Kxe8 44. Rh1 Rxf6 45. Rxh4 h6 46. Kb2 Kd7 47. Ka3 Kc6 48. a5 Kb5 49. Rh5+ Ka6 50. Ka4 Rg6 51. b4 Kb7 52. Rb5+ Ka6 53. Rf5 f6 54. Rd5 Kb7 55. Rd7+ Kc8 56. Rf7 h5 57. a6 Kb8 58. b5 Rh6 59. Rf8+ Ka7 60. Ka5 f5 61. b6+ Rxb6 62. Rf7+ 1-0

[Event "Chess Super League 2021"]
[Site "Online"]
[Date "2021.10.11"]
[Round "1.2"]
[White "Abdumalik, Zhansaya"]
[Black "Harika, Dronavalli"]
[Result "1-0"]
[ECO "C42"]
[WhiteElo "2507"]
[BlackElo "2511"]
[Annotator "ChessBase"]
[PlyCount "57"]
[EventDate "2021.10.11"]
[EventType "team-tourn"]
[EventCountry "NET"]
[SourceTitle "playchess.com"]
[Source "ChessBase"]
[SourceQuality "1"]
[TimeControl "900+10"]

1. e4 e5 2. Nf3 Nf6 3. Nxe5 d6 4. Nf3 Nxe4 5. Nc3 Nf6 6. d4 Be7 7. Bg5 h6 8. Bf4 O-O 9. Qd2 Re8 10. O-O-O Bf8 11. h3 a6 12. g4 b5 13. a3 Bb7 14. d5 Ne4 15. Nxe4 Rxe4 16. Bg2 Nd7 17. Nd4 Re8 18. g5 h5 19. g6 fxg6 20. Ne6 Rxe6 21. dxe6 Bxg2 22. Rhg1 Bf3 23. exd7 Bxd1 24. Qd5+ Kh7 25. Bg5 c6 26. Qxc6 Be2 27. Bxd8 Rxd8 28. Re1 Bc4 29. Re8 1-0

[Event "Chess Super League 2021"]
[Site "Online"]
[Date "2021.10.11"]
[Round "1.2"]
[White "Raja Harshit"]
[Black "Arjun Kalyan"]
[Result "0-1"]
[ECO "E01"]
[WhiteElo "2494"]
[BlackElo "2537"]
[Annotator "ChessBase"]
[PlyCount "90"]
[EventDate "2021.10.11"]
[EventType "team-tourn"]
[EventCountry "NET"]
[SourceTitle "playchess.com"]
[Source "ChessBase"]
[SourceQuality "1"]
[TimeControl "900+10"]

1. d4 Nf6 2. c4 e6 3. Nf3 d5 4. g3 Bb4+ 5. Bd2 Bd6 6. Bg2 O-O 7. O-O c6 8. Bc3 Ne4 9. Nbd2 Nxc3 10. bxc3 b6 11. a4 Nd7 12. e4 Qc7 13. Qc2 Bb7 14. a5 Rab8 15. a6 Ba8 16. Rfe1 Rfc8 17. Bh3 Re8 18. Rad1 h6 19. Re3 Bf8 20. Rde1 Nf6 21. cxd5 cxd5 22. e5 Nh7 23. Nh4 b5 24. f4 b4 25. Bf1 Be7 26. Rc1 Rec8 27. Nhf3 Nf8 28. f5 exf5 29. Qxf5 b3 30. Rb1 b2 31. e6 fxe6 32. Qg4 Bf6 33. Bd3 Bc6 34. Ne5 Be8 35. Ndf3 Qd6 36. Bc2 Rb6 37. Rf1 Rxa6 38. Bb1 Ra1 39. Nd2 Bxe5 40. dxe5 Qc5 41. Qf3 Bg6 42. Nb3 Rxb1 43. Rxb1 Bxb1 44. Nxc5 Be4 45. Nxe4 b1=Q+ 0-1

[Event "Chess Super League 2021"]
[Site "Online"]
[Date "2021.10.11"]
[Round "1.2"]
[White "Savitha Shri B"]
[Black "Salonika, Saina"]
[Result "0-1"]
[ECO "B53"]
[WhiteElo "2281"]
[BlackElo "2206"]
[Annotator "ChessBase"]
[PlyCount "136"]
[EventDate "2021.10.11"]
[EventType "team-tourn"]
[EventCountry "NET"]
[SourceTitle "playchess.com"]
[Source "ChessBase"]
[SourceQuality "1"]
[TimeControl "900+10"]

1. e4 c5 2. Nf3 d6 3. d4 cxd4 4. Qxd4 Bd7 5. Be2 Nc6 6. Qe3 Nf6 7. h3 g6 8. O-O Bg7 9. c4 O-O 10. Nc3 Qa5 11. Rb1 Qc5 12. Qd2 Be6 13. b3 h6 14. Bb2 a6 15. Bd3 Kh7 16. Rfd1 Rfb8 17. Nd5 Bxd5 18. exd5 Na7 19. Re1 Qc7 20. Rbc1 Qd7 21. Qe3 Nxd5 22. cxd5 Bxb2 23. Rc4 Bf6 24. h4 b5 25. Re4 h5 26. Ng5+ Kg7 27. Qg3 Rg8 28. R4e2 Nc8 29. Ne4 Qg4 30. Nxf6 exf6 31. Qe3 Qxh4 32. Rc2 Qg5 33. Qd4 Qg4 34. Re4 Qd7 35. Rf4 Qd8 36. Re2 Nb6 37. Rfe4 Nd7 38. Bc2 Qb6 39. Qb2 Rgc8 40. Kh1 Rc7 41. f4 Rac8 42. Re7 Nf8 43. R7e4 Qc5 44. Rd4 Qc3 45. Qxc3 Rxc3 46. Be4 Re8 47. Rdd2 Nd7 48. Bf3 Rxe2 49. Rxe2 Rd3 50. Re7 Nb6 51. Ra7 Nxd5 52. Rxa6 Nxf4 53. Rb6 Rd2 54. a4 bxa4 55. bxa4 Ra2 56. Ra6 h4 57. a5 d5 58. Ra8 d4 59. a6 d3 60. a7 d2 61. Kh2 Ne6 62. Kg1 Nd4 63. Bg4 f5 64. Bd1 Nb5 65. Bb3 Rxa7 66. Rd8 Ra3 67. Bc2 Ra2 68. Bb3 Rb2 0-1

[Event "Chess Super League 2021"]
[Site "Online"]
[Date "2021.10.11"]
[Round "1.3"]
[White "Dzagnidze, Nana"]
[Black "Kosteniuk, Alexandra"]
[Result "0-1"]
[ECO "A07"]
[WhiteElo "2524"]
[BlackElo "2518"]
[Annotator "ChessBase"]
[PlyCount "126"]
[EventDate "2021.10.11"]
[EventType "team-tourn"]
[EventCountry "NET"]
[SourceTitle "playchess.com"]
[Source "ChessBase"]
[SourceQuality "1"]
[TimeControl "900+10"]

1. Nf3 d5 2. g3 c6 3. Bg2 Bg4 4. O-O Nd7 5. h3 Bh5 6. d4 e6 7. c4 Ngf6 8. cxd5 exd5 9. Qb3 Qb6 10. Qe3+ Be7 11. Nh4 Bg6 12. Nc3 Nf8 13. f4 Bc2 14. f5 N8d7 15. g4 h6 16. b3 O-O 17. Qd2 Ne4 18. Nxe4 Bxe4 19. Nf3 Bb4 20. Qb2 Rfe8 21. Bf4 Qa5 22. Rad1 Ba3 23. Qd2 Qxd2 24. Rxd2 Bb4 25. Rdd1 Bc2 26. Rc1 Rxe2 27. Rf2 Rxf2 28. Kxf2 Be4 29. Ne5 Nf6 30. Bf1 Ba3 31. Re1 Bb2 32. Be3 c5 33. Nf3 Bxf3 34. Kxf3 cxd4 35. Bf4 Ne4 36. Bd3 Nc5 37. Bf1 Ne4 38. Bd3 Bc3 39. Re2 Nc5 40. Bb1 d3 41. Re7 b6 42. Be3 Bf6 43. Rc7 Re8 44. b4 d4 45. Bf4 Na6 46. Rc1 Nxb4 47. Rd1 Bg5 48. a3 Nc2 49. Kg3 Bxf4+ 50. Kxf4 Re3 51. h4 Kf8 52. g5 hxg5+ 53. hxg5 Ke7 54. Rd2 Ne1 55. Rd1 f6 56. g6 Kd6 57. Ba2 Ng2+ 58. Kg4 Ke5 59. Bc4 Ne1 60. Rd2 Re2 61. Rxe2+ dxe2 62. Bxe2 d3 63. Bd1 Ke4 0-1

[Event "Chess Super League 2021"]
[Site "Online"]
[Date "2021.10.11"]
[Round "1.3"]
[White "Karavade, Eesha"]
[Black "Soumya, Swaminathan"]
[Result "1-0"]
[ECO "E92"]
[WhiteElo "2345"]
[BlackElo "2351"]
[Annotator "ChessBase"]
[PlyCount "67"]
[EventDate "2021.10.11"]
[EventType "team-tourn"]
[EventCountry "NET"]
[SourceTitle "playchess.com"]
[Source "ChessBase"]
[SourceQuality "1"]
[TimeControl "900+10"]

1. d4 Nf6 2. c4 g6 3. Nc3 Bg7 4. e4 d6 5. Nf3 O-O 6. Be2 e5 7. Be3 exd4 8. Nxd4 Re8 9. f3 c6 10. Bf2 d5 11. exd5 cxd5 12. O-O Nc6 13. c5 Nh5 14. Qd2 Be5 15. g3 Ng7 16. Rfd1 Bf5 17. Bb5 Bxd4 18. Bxd4 Ne6 19. Bf2 Ng5 20. Qxd5 Qf6 21. h4 Nh3+ 22. Kg2 Rad8 23. Qc4 Ne5 24. Rxd8 Rxd8 25. Qe2 Nxf2 26. Qxf2 a6 27. Bf1 Nd3 28. Bxd3 Rxd3 29. Rd1 Rxd1 30. Nxd1 Be6 31. Nc3 Qf5 32. Ne4 Bxa2 33. Qd4 Be6 34. g4 1-0

[Event "Chess Super League 2021"]
[Site "Online"]
[Date "2021.10.11"]
[Round "1.3"]
[White "Tarini Goyal"]
[Black "Arpita, Mukherjee"]
[Result "1/2-1/2"]
[ECO "D02"]
[WhiteElo "2164"]
[BlackElo "2229"]
[Annotator "ChessBase"]
[PlyCount "100"]
[EventDate "2021.10.11"]
[EventType "team-tourn"]
[EventCountry "NET"]
[SourceTitle "playchess.com"]
[Source "ChessBase"]
[SourceQuality "1"]
[TimeControl "900+10"]

1. d4 Nf6 2. Nf3 c5 3. g3 cxd4 4. Nxd4 e5 5. Nb3 d5 6. Bg2 Be7 7. O-O h6 8. c4 d4 9. e3 d3 10. Nc3 Bg4 11. Qd2 Nc6 12. e4 Bb4 13. a3 Bxc3 14. Qxc3 Be2 15. Re1 Rc8 16. h3 O-O 17. Be3 a5 18. Qd2 a4 19. Nc1 Na5 20. c5 Nc4 21. Qc3 Nxe3 22. fxe3 d2 23. Nxe2 dxe1=Q+ 24. Rxe1 Qe7 25. Rc1 Nd7 26. Qb4 Rxc5 27. Rd1 Nf6 28. Nc3 Qc7 29. Qxa4 Rd8 30. Rxd8+ Qxd8 31. Kh2 Kh7 32. Qb4 Rc7 33. Nd5 Rc2 34. Qxb7 Nxd5 35. exd5 Qf6 36. d6 Qxd6 37. b4 Qf6 38. g4 g6 39. Qe4 Qf2 40. a4 Rc3 41. Qf3 Qa2 42. a5 Kg7 43. Qe4 Qe6 44. b5 Rc5 45. a6 Qb6 46. Qb7 Qd6 47. Qe4 Qc7 48. Qb7 Qd6 49. Qe4 Qb6 50. Qb7 Qd6 1/2-1/2

[Event "Chess Super League 2021"]
[Site "Online"]
[Date "2021.10.12"]
[Round "2.1"]
[White "Karavade, Eesha"]
[Black "Tania, Sachdev"]
[Result "1/2-1/2"]
[ECO "E18"]
[WhiteElo "2345"]
[BlackElo "2392"]
[Annotator "NA"]
[PlyCount "64"]
[EventDate "2021.10.11"]
[EventType "team-tourn"]
[EventCountry "NET"]
[SourceTitle "playchess.com"]
[Source "ChessBase"]
[SourceQuality "1"]
[TimeControl "900+10"]

1. d4 Nf6 2. c4 e6 3. Nf3 b6 4. g3 Bb7 5. Bg2 Be7 6. O-O O-O 7. Nc3 Ne4 8. Bd2 f5 9. Ne5 Nxc3 10. Bxc3 Bxg2 11. Kxg2 d6 12. Nd3 Bf6 13. Re1 Qd7 14. Nf4 Nc6 15. Nh5 $11 d5 16. Qd3 dxc4 17. Qxc4 Qd5+ 18. Qxd5 exd5 19. Nxf6+ Rxf6 20. Rac1 Rf7 21. e3 a5 22. Re2 g5 23. Be1 Nd8 24. Rec2 Ne6 25. f4 g4 26. Rc6 Re8 27. Bf2 Ree7 28. b3 Nd8 29. R6c2 Nb7 30. Rc6 Nd8 31. R6c2 Nb7 32. Rc6 Nd8 1/2-1/2

[Event "Chess Super League 2021"]
[Site "Online"]
[Date "2021.10.12"]
[Round "2.1"]
[White "Tarini Goyal"]
[Black "Priyanka, K."]
[Result "0-1"]
[ECO "E62"]
[WhiteElo "2164"]
[BlackElo "2218"]
[Annotator "NA"]
[PlyCount "98"]
[EventDate "2021.10.11"]
[EventType "team-tourn"]
[EventCountry "NET"]
[SourceTitle "playchess.com"]
[Source "ChessBase"]
[SourceQuality "1"]
[TimeControl "900+10"]

1. d4 Nf6 2. c4 g6 3. g3 Bg7 4. Bg2 d6 5. Nc3 O-O 6. Nf3 c6 7. O-O Bf5 8. Re1 {[%emt 0:00:25] 8.Ne1 is setting a new trend.} d5 9. Qb3 Qb6 10. cxd5 cxd5 11. Qxb6 axb6 {[%emt 0:00:05] [#]} 12. Ne5 $146 ({Predecessor:} 12. Bf4 Nc6 13. Rec1 Rfc8 14. Kf1 h6 15. Be5 e6 16. Bd6 Ne8 17. Nb5 Nxd4 18. Nfxd4 Bxd4 19. Nxd4 Nxd6 20. Rxc8+ Rxc8 {0-1 (51) Sturt,R (2429)-Nyzhnyk,I (2624) Chess.com INT 2019}) 12... Nc6 13. Nxc6 bxc6 14. Bg5 h6 15. Bxf6 Bxf6 16. e3 b5 17. a3 e5 (17... e6 $15) 18. dxe5 $15 Bxe5 19. Rac1 Rfe8 20. Red1 Rab8 21. Rd2 b4 22. Ne2 bxa3 23. bxa3 Rb1 24. Rxb1 Bxb1 25. Nd4 Bxd4 26. Rxd4 Ra8 27. Rb4 Bc2 28. Rb6 Rxa3 29. h4 Rc3 30. Rb7 Bf5 31. Rc7 Rc1+ 32. Kh2 Rc2 33. Kg1 h5 34. Bf3 Kg7 35. Kg2 Kf6 36. Ra7 Be6 37. Ra6 Ke5 38. Bd1 Rc1 39. Ba4 c5 40. Be8 c4 41. Rc6 c3 42. Kf3 Bg4+ 43. Kg2 Ke4 44. Rf6 c2 45. Ba4 Rg1+ 46. Kxg1 c1=Q+ 47. Kg2 Bh3+ 48. Kh2 Qf1 49. Rf4+ Ke5 0-1

[Event "Chess Super League 2021"]
[Site "Online"]
[Date "2021.10.12"]
[Round "2.2"]
[White "Dzagnidze, Nana"]
[Black "Kulkarni Bhakti"]
[Result "1/2-1/2"]
[ECO "A18"]
[WhiteElo "2524"]
[BlackElo "2388"]
[Annotator "RC"]
[PlyCount "126"]
[EventDate "2021.10.11"]
[EventType "team-tourn"]
[EventCountry "NET"]
[SourceTitle "playchess.com"]
[Source "ChessBase"]
[SourceQuality "1"]
[TimeControl "900+10"]

1. c4 Nf6 2. Nc3 e6 3. e4 d5 4. e5 d4 5. exf6 dxc3 6. bxc3 Qxf6 7. Nf3 Nc6 8. d4 e5 9. Bg5 Qg6 10. Be3 exd4 11. Nxd4 Nxd4 12. Qxd4 Be7 13. Bd3 Bf5 14. Bxf5 Qxf5 15. Qd5 Qxd5 16. cxd5 Bf6 17. Rc1 O-O-O 18. c4 Rhe8 19. O-O Re4 20. Rfe1 Bd4 21. Bg5 Rde8 22. Kf1 Kd7 23. Rxe4 Rxe4 24. f3 Re8 25. Rb1 b6 26. Rd1 Be5 27. g3 a6 28. Kf2 Kd6 29. Be3 h5 30. f4 Bf6 31. Kf3 g6 32. a4 a5 33. h3 Bc3 34. Rc1 Bb2 35. Rb1 Bg7 36. Rb5 Ra8 37. c5+ bxc5 38. Rxc5 Bb2 39. Rc6+ Kxd5 40. Rxc7 Ke6 41. Rc6+ Kd5 42. Rc5+ Kd6 43. Rb5 Bc3 44. f5 Rc8 45. fxg6 fxg6 46. Rg5 Rc4 47. Rxg6+ Ke7 48. Rh6 Rxa4 49. Rxh5 Ra1 50. Rh7+ Kf6 51. Ke4 a4 52. Rc7 Bb2 53. Rc6+ Kf7 54. g4 a3 55. Ra6 Rh1 56. Kf5 Rxh3 57. Ra7+ Ke8 58. Bc5 Rf3+ 59. Ke6 Rf6+ 60. Kd5 Rg6 61. Bxa3 Bxa3 62. Rxa3 Rxg4 63. Ke6 Rg6+ 1/2-1/2

[Event "Chess Super League 2021"]
[Site "Online"]
[Date "2021.10.12"]
[Round "2.2"]
[White "Abdumalik, Zhansaya"]
[Black "Soumya, Swaminathan"]
[Result "1/2-1/2"]
[ECO "B31"]
[WhiteElo "2507"]
[BlackElo "2351"]
[Annotator "ChessBase"]
[PlyCount "126"]
[EventDate "2021.10.11"]
[EventType "team-tourn"]
[EventCountry "NET"]
[SourceTitle "playchess.com"]
[Source "ChessBase"]
[SourceQuality "1"]
[TimeControl "900+10"]

1. e4 c5 2. Nf3 Nc6 3. Bb5 g6 4. Bxc6 dxc6 5. d3 Bg7 6. h3 Nf6 7. Nc3 Nd7 8. Be3 e5 9. Qd2 h6 10. O-O b6 11. Nh2 Nf8 12. f4 exf4 13. Bxf4 Ne6 14. Be3 Nd4 15. Kh1 Be6 16. Nd1 Qe7 17. c3 Nb5 18. Nf2 Nd6 19. a4 a5 20. Nfg4 g5 21. Rf3 f5 22. exf5 Nxf5 23. Re1 O-O 24. Bf2 Qd6 25. Ne3 Nxe3 26. Rfxe3 Bf5 27. Bg3 Qd5 28. Be5 Rad8 29. Bc7 Rd7 30. Bxb6 c4 31. d4 c5 32. Qe2 cxd4 33. Bxd4 Bxd4 34. cxd4 Qxd4 35. Qh5 Qg7 36. Re8 Rxe8 37. Qxe8+ Kh7 38. Rf1 Bg6 39. Qe6 Rf7 40. Nf3 Qxb2 41. Qxc4 Qg7 42. Qd5 Bh5 43. Qe4+ Kh8 44. Qa8+ Rf8 45. Qxa5 Bxf3 46. gxf3 Qd4 47. Kg2 h5 48. Qa6 Rf6 49. Qc8+ Kg7 50. Qc7+ Rf7 51. Qg3 Kh6 52. Re1 Qxa4 53. Qd6+ Kh7 54. Qd3+ Kg7 55. Qc3+ Kh7 56. Qd3+ Kg7 57. Re5 Qf4 58. Qd5 Kg6 59. Qd3+ Kg7 60. Re6 Qf5 61. Qc3+ Kh7 62. Re8 Qf6 63. Qxf6 Rxf6 1/2-1/2

[Event "Chess Super League 2021"]
[Site "Online"]
[Date "2021.10.12"]
[Round "2.2"]
[White "Arpita, Mukherjee"]
[Black "Savitha Shri B"]
[Result "1-0"]
[ECO "D01"]
[WhiteElo "2229"]
[BlackElo "2281"]
[Annotator "NA"]
[PlyCount "63"]
[EventDate "2021.10.11"]
[EventType "team-tourn"]
[EventCountry "NET"]
[SourceTitle "playchess.com"]
[Source "ChessBase"]
[SourceQuality "1"]
[TimeControl "900+10"]

1. d4 Nf6 2. Bf4 g6 3. Nc3 d5 4. Qd2 Bg7 5. Bh6 Bxh6 6. Qxh6 Bf5 7. O-O-O Nc6 8. a3 Qd6 9. f3 a6 10. g4 Bd7 11. Nh3 O-O-O 12. Qf4 Qxf4+ 13. Nxf4 e6 14. h4 h6 15. e3 e5 16. Nfxd5 Nxd5 17. Nxd5 exd4 18. exd4 Be6 19. Nf4 Nxd4 20. Nxe6 fxe6 21. Bd3 Nxf3 22. Bxg6 Rxd1+ 23. Kxd1 Ne5 24. Bh5 Rg8 25. Re1 Nxg4 26. Rxe6 Nf2+ 27. Ke2 Nh1 28. Rxh6 Ng3+ 29. Kf3 Nf5 30. Bg4 Rxg4 31. Rh8+ Kd7 32. Kxg4 1-0

[Event "Chess Super League 2021"]
[Site "Online"]
[Date "2021.10.12"]
[Round "2.3"]
[White "Salonika, Saina"]
[Black "Mrudul Dehankar"]
[Result "0-1"]
[ECO "B01"]
[WhiteElo "2206"]
[BlackElo "2256"]
[Annotator "NA"]
[PlyCount "82"]
[EventDate "2021.10.11"]
[EventType "team-tourn"]
[EventCountry "NET"]
[SourceTitle "playchess.com"]
[Source "ChessBase"]
[SourceQuality "1"]
[TimeControl "900+10"]

1. e4 d5 2. exd5 Nf6 3. d4 Bg4 4. Be2 Bxe2 5. Qxe2 Qxd5 6. Nf3 e6 7. Nc3 Bb4 8. O-O Bxc3 9. bxc3 O-O 10. c4 Qh5 11. Bf4 c6 12. Rab1 b6 13. Qe5 Qg6 14. Qc7 Nbd7 15. Ne5 Nxe5 16. Bxe5 Rfc8 17. Qe7 Ng4 18. f4 Re8 19. Qg5 f6 20. Qxg6 hxg6 21. Bd6 Ne3 22. Rf3 Nxc4 23. Bb4 a5 24. Be1 Red8 25. c3 b5 26. Rf2 Kf7 27. a4 bxa4 28. Ra2 a3 29. Rb7+ Kf8 30. Rc7 Rdc8 31. Rxc8+ Rxc8 32. Kf2 Rb8 33. Kf3 Rb2 34. Ra1 a2 35. Ke4 Na3 36. c4 Nc2 37. Bc3 Nxa1 38. Bxb2 Nb3 39. Kd3 a1=Q 40. Bxa1 Nxa1 41. Kc3 a4 0-1

[Event "Chess Super League 2021"]
[Site "Online"]
[Date "2021.10.13"]
[Round "3.1"]
[White "Muzychuk, Anna"]
[Black "Tania, Sachdev"]
[Result "1-0"]
[ECO "C55"]
[WhiteElo "2533"]
[BlackElo "2392"]
[Annotator "ChessBase"]
[PlyCount "67"]
[EventDate "2021.10.11"]
[EventType "team-tourn"]
[EventCountry "NET"]
[SourceTitle "playchess.com"]
[Source "ChessBase"]
[SourceQuality "1"]
[TimeControl "900+10"]

1. e4 e5 2. Nf3 Nc6 3. Bc4 Nf6 4. d3 h6 5. Nc3 d6 6. a4 g6 7. h3 Bg7 8. a5 a6 9. Be3 Qe7 10. Qd2 Be6 11. O-O g5 12. Nd5 Bxd5 13. exd5 Nb8 14. Rfe1 Nbd7 15. Qb4 O-O 16. Qxb7 g4 17. Nh4 gxh3 18. Qxc7 Rfc8 19. Nf5 Rxc7 20. Nxe7+ Kf8 21. Nf5 hxg2 22. Nxd6 Rb8 23. Reb1 Ng4 24. Kxg2 Nxe3+ 25. fxe3 Bf6 26. e4 Bg5 27. c3 Nf6 28. Bxa6 Ke7 29. Nf5+ Kd7 30. Kf3 Nh5 31. Bc4 f6 32. b4 Nf4 33. b5 h5 34. b6 1-0

[Event "Chess Super League 2021"]
[Site "Online"]
[Date "2021.10.13"]
[Round "3.1"]
[White "Raja Harshit"]
[Black "Iniyan, P."]
[Result "0-1"]
[ECO "B90"]
[WhiteElo "2494"]
[BlackElo "2529"]
[Annotator "ChessBase"]
[PlyCount "128"]
[EventDate "2021.10.11"]
[EventType "team-tourn"]
[EventCountry "NET"]
[SourceTitle "playchess.com"]
[Source "ChessBase"]
[SourceQuality "1"]
[TimeControl "900+10"]

1. e4 c5 2. Nf3 d6 3. d4 cxd4 4. Nxd4 Nf6 5. Nc3 a6 6. Be3 e5 7. Nf3 Qc7 8. Be2 h6 9. O-O Be7 10. a4 O-O 11. Nd2 Be6 12. a5 Nbd7 13. Re1 d5 14. exd5 Nxd5 15. Nxd5 Bxd5 16. Nc4 Qc6 17. Bg4 f5 18. Bf3 e4 19. Nb6 Nxb6 20. Bxb6 Bf6 21. c4 Bxc4 22. Be2 Bxb2 23. Qc2 Bxe2 24. Qxb2 Bh5 25. Rac1 Qg6 26. Qe5 Rae8 27. Qf4 Rf7 28. Rc3 Qf6 29. Rg3 g5 30. Qd2 f4 31. Rc3 f3 32. Qd4 Qe6 33. h3 fxg2 34. Rg3 Rf3 35. Re3 Rxg3 36. Rxg3 Bf3 37. Kh2 Rc8 38. Qe3 Qd5 39. Bd4 Kh7 40. h4 Rd8 41. Rxf3 Qxd4 42. Rf7+ Kg6 43. Qxd4 Rxd4 44. Rxb7 gxh4 45. Kxg2 Rd6 46. Kh3 Rf6 47. Kg4 Rxf2 48. Re7 h5+ 49. Kxh4 Rf4+ 50. Kg3 Rg4+ 51. Kf2 Kf5 52. Rh7 Rg5 53. Rh6 Kf4 54. Rxa6 e3+ 55. Kf1 Kg3 56. Ke2 h4 57. Ra8 h3 58. a6 h2 59. Rh8 Ra5 60. a7 Rxa7 61. Rg8+ Kf4 62. Rf8+ Ke5 63. Re8+ Kf6 64. Rh8 Ra1 0-1

[Event "Chess Super League 2021"]
[Site "Online"]
[Date "2021.10.14"]
[Round "4.1"]
[White "Iniyan, P."]
[Black "Arjun Kalyan"]
[Result "1/2-1/2"]
[ECO "D37"]
[WhiteElo "2529"]
[BlackElo "2537"]
[Annotator "ChessBase"]
[PlyCount "162"]
[EventDate "2021.10.11"]
[EventType "team-tourn"]
[EventCountry "NET"]
[SourceTitle "playchess.com"]
[Source "ChessBase"]
[SourceQuality "1"]
[TimeControl "900+10"]

1. d4 Nf6 2. c4 e6 3. Nf3 d5 4. Nc3 Nbd7 5. Bf4 Bb4 6. e3 c5 7. Be2 dxc4 8. O-O Bxc3 9. bxc3 Nd5 10. Bd6 Nxc3 11. Qc2 Nxe2+ 12. Qxe2 Qb6 13. dxc5 Nxc5 14. Be5 f6 15. Bd4 Qc6 16. Qxc4 b6 17. Rfc1 O-O 18. Bxc5 Qxc5 19. Qxc5 bxc5 20. Rxc5 e5 21. a4 Be6 22. h4 Rfc8 23. Rac1 Rxc5 24. Rxc5 Rc8 25. Ra5 Rc7 26. Nd2 Kf7 27. f4 exf4 28. exf4 Ke7 29. Kf2 Bd7 30. Ke3 Rb7 31. g3 h6 32. Ne4 Rb3+ 33. Kd2 Rb7 34. Nc5 Rc7 35. Ke3 Bc8 36. Kd4 Kd6 37. Ne4+ Ke7 38. Nc3 Rd7+ 39. Ke3 a6 40. Nd5+ Kd6 41. Nb6 Re7+ 42. Kd4 Bb7 43. Nc4+ Kd7 44. Rc5 Re4+ 45. Kd3 Re1 46. Ne3 Rg1 47. g4 Bf3 48. Ra5 Bb7 49. Ke2 g6 50. h5 gxh5 51. Rxh5 Rh1 52. Nf5 Rxh5 53. gxh5 Ke6 54. Nxh6 f5 55. a5 Kf6 56. Ke3 Bc8 57. Kd4 Kg7 58. Nxf5+ Bxf5 59. Ke5 Bd3 60. f5 Kh6 61. f6 Bc4 62. Kd4 Bf7 63. Kc5 Bxh5 64. Kb6 Be2 65. Kc5 Kg6 66. Kb4 Kxf6 67. Kc3 Ke5 68. Kb2 Kd4 69. Ka1 Kc3 70. Kb1 Kb4 71. Ka1 Kxa5 72. Kb1 Kb4 73. Ka1 a5 74. Kb1 Ka3 75. Ka1 Bc4 76. Kb1 a4 77. Ka1 Kb4 78. Kb1 a3 79. Ka1 a2 80. Kb2 Ka4 81. Ka1 Ka3 1/2-1/2

[Event "Chess Super League 2021"]
[Site "Online"]
[Date "2021.10.14"]
[Round "4.1"]
[White "Abdumalik, Zhansaya"]
[Black "Tania, Sachdev"]
[Result "1/2-1/2"]
[ECO "C45"]
[WhiteElo "2507"]
[BlackElo "2392"]
[Annotator "ChessBase"]
[PlyCount "60"]
[EventDate "2021.10.11"]
[EventType "team-tourn"]
[EventCountry "NET"]
[SourceTitle "playchess.com"]
[Source "ChessBase"]
[SourceQuality "1"]
[TimeControl "900+10"]

1. e4 e5 2. Nf3 Nc6 3. d4 exd4 4. Nxd4 Nf6 5. Nxc6 bxc6 6. e5 Qe7 7. Qe2 Nd5 8. c4 Ba6 9. b3 O-O-O 10. Bb2 Re8 11. Qd2 Nb6 12. Be2 f6 13. O-O fxe5 14. Qa5 Bb7 15. Qxa7 c5 16. Nc3 Qg5 17. f3 Qd2 18. Rab1 e4 19. a4 Bd6 20. a5 exf3 21. Bxf3 Bxf3 22. Rxf3 Re1+ 23. Rxe1 Qxe1+ 24. Rf1 Qh4 25. g3 Bxg3 26. hxg3 Qxg3+ 27. Kh1 Qh3+ 28. Kg1 Qg3+ 29. Kh1 Qh3+ 30. Kg1 Qg3+ 1/2-1/2